 Dungeon Crawl Stone Soup version 0.31-a0-267-g3fc6992b3b (webtiles) character file.

Game seed: 516002307860079165

660 RonaldoGOATsiuu the Chopper (level 7, 0/55 HPs)
             Began as a Demonspawn Fighter on July 14, 2023.
             Splashed by a jelly's acid (6 damage)
             ... on level 5 of the Dungeon.
             The game lasted 00:03:35 (4165 turns).

RonaldoGOATsiuu the Chopper (Demonspawn Fighter)    Turns: 4165, Time: 00:03:35

Health: 0/55       AC: -6    Str: 24    XL:     7   Next: 30%
Magic:  7/7        EV: 10    Int: 10    God:
Gold:   228        SH:  4    Dex: 12    Spells: 6/6 levels left

rFire   . . .        a - +0 war axe
rCold   . . .        c - +0 buckler
rNeg    . . .        b - +0 scale mail
rPois   .            (no helmet)
rElec   .            k - +0 cloak
rCorr   .            y - +0 pair of gloves
SInv    .            (no boots)
Will    .....        t - amulet of regeneration Stlth
                     s - +6 ring of strength
HPRegen 1.09/turn    (no ring)
MPRegen 0.10/turn

%: no passive effects
@: corroded
A: demonic guardian 1, weakness stinger 2, demonic touch 1
a: no special abilities


You were on level 5 of the Dungeon.
You visited 1 branch of the dungeon, and saw 5 of its levels.

You collected 228 gold pieces.

Inventory:

Hand Weapons
 a - a +0 war axe (weapon)
Armour
 b - a +0 scale mail (worn)
 c - a +0 buckler (worn)
 k - a +0 cloak (worn)
 y - a +0 pair of gloves (worn)
Jewellery
 s - a +6 ring of strength (left hand)
 t - an amulet of regeneration (around neck)
Wands
 h - a wand of mindburst (18)
 l - a wand of polymorph (10)
 v - a wand of digging (5)
 x - a wand of flame (6)
Scrolls
 e - 2 scrolls of revelation {unknown}
 g - 2 scrolls of vulnerability {unknown}
 i - a scroll of fog {unknown}
 j - a scroll of fear {unknown}
 m - a scroll of identify {unknown}
 n - 3 scrolls of immolation {unknown}
 p - 3 scrolls of enchant weapon {unknown}
 r - a scroll of summoning {unknown}
 u - a scroll of teleportation {unknown}
 w - a scroll of noise {unknown}
Potions
 d - a potion of might
 f - a potion of heal wounds {unknown}
 o - a potion of attraction {unknown}
 q - 2 potions of cancellation {unknown}


   Skills:
 + Level 4.3 Fighting
 + Level 5.1 Axes
 + Level 4.4 Armour
 + Level 1.3 Dodging
 + Level 0.4 Stealth
 + Level 3.4 Shields


You had 6 spell levels left.
You didn't know any spells.
Your spell library contained the following spells:

 Spells                   Type           Power      Damage    Failure   Level
 Apportation              Tloc           0%         N/A       71%         1
 Necrotise                Necr           0%         1d4       71%         1
 Summon Small Mammal      Summ           0%         N/A       71%         1
 Sublimation of Blood     Necr           0%         N/A       85%         2
 Wereblood                Tmut           0%         N/A       85%         2
 Dazzling Flash           Conj/Hex       0%         N/A       97%         3
 Summon Guardian Golem    Hex/Summ       0%         N/A       97%         3
 Vampiric Draining        Necr           0%         2d6       97%         3
 Anguish                  Hex/Necr       0%         N/A       100%        4
 Agony                    Necr           0%         N/A       100%        5
 Summon Hydra             Summ           0%         N/A       100%        7


Dungeon Overview and Level Annotations

Branches:
Dungeon (5/15)
 Temple: D:4-7

Altars:
Makhleb
Yredelemnul

Annotations:
D:3 1 runed translucent door, Tinttamiau's ghost, amateur KoHs


Innate Abilities, Weirdness & Mutations

A weak demonic guardian rushes to your aid.
You have a tail ending in a sharp stinger.
Your touch may inflict minor irresistible damage on your foes.


Message History

The jelly hits you but does no damage.
Unknown command.
You hit the jelly but do no damage. The acid corrodes you!
Your hands burn!
You tail-slap the jelly.
The jelly is heavily wounded.
The jelly hits you.
You are splashed with acid.
The jelly hits you.
You are splashed with acid!
Unknown command.
Unknown command.
You hit the jelly.
Your hands burn!
The jelly is severely wounded.
The jelly hits you.
You are splashed with acid!
You hit the jelly but do no damage. The acid corrodes you!
Your hands burn!
The jelly is severely wounded.
The jelly closely misses you.
Unknown command.
You hit the jelly but do no damage.
Your hands burn!
The jelly is severely wounded.
The jelly closely misses you. The jelly barely misses you.
Unknown command.
You hit the jelly but do no damage. The acid corrodes you!
Your hands burn!
You tail-slap the jelly, but do no damage.
The jelly is severely wounded.
You block the jelly's attack.
You hit the jelly but do no damage.
Your hands burn!
* * * LOW HITPOINT WARNING * * *
The jelly is severely wounded.
The jelly closely misses you.
Unknown command.
You hit the jelly but do no damage.
Your hands burn!
* * * LOW HITPOINT WARNING * * *
The jelly is severely wounded.
The jelly hits you.
* * * LOW HITPOINT WARNING * * *
You are splashed with acid!
* * * LOW HITPOINT WARNING * * *
A demonic guardian appears!
The jelly hits you.
* * * LOW HITPOINT WARNING * * *
You are splashed with acid.
You die...

### #.# ##.#### ..# #.#
###.♣♣ #.#
#.#######.♣♣._ #.#
#............. #.#
##.#.##....... #.#
#.#.##....... #.#
#.#.##.......
######J#####.#.######...
#......@.5...#.# ##.#
#.####.#####.#.# #.. #.#
#.#.# ### ###.#####.#.##
# #............# #
.#......###.# #
.........# #.########
########.###<........
#.....########


You could see a jelly (ally target) and a friendly iron imp (summoned).

Vanquished Creatures
  Grinder (D:4)
  A phantom (D:2)
  A quasit (D:4)
  2 hounds
  An orc priest (D:3)
  3 iguanas
  An orc wizard (D:4)
  4 adders
  A gnoll (D:1)
  A shadow imp (D:4)
  A white imp (D:4)
  2 ufetubi (D:4)
  2 worms
  3 dart slugs
  12 orcs
  2 bats
  5 endoplasms
  7 giant cockroaches
  5 goblins
  3 hobgoblins
  4 jackals (D:2)
  9 quokkas
  10 ball pythons
  2 frilled lizards
  2 kobolds
  7 rats
92 creatures vanquished.

Notes
Turn   | Place    | Note
-------+----------+-------------------------------------------
     0 | D:1      | RonaldoGOATsiuu the Demonspawn Fighter began the quest for
                  | the Orb.
     0 | D:1      | Reached XP level 1. HP: 18/18 MP: 1/1
    49 | D:1      | Reached skill level 2 in Axes
    49 | D:1      | Discovered your monstrous ancestry.
    49 | D:1      | Gained mutation: Your touch may inflict minor irresistible
                  | damage on your foes. [demonic ancestry]
    49 | D:1      | Reached XP level 2. HP: 20/24 MP: 2/2
   668 | D:1      | Found a faded altar of an unknown god.
   679 | D:1      | Reached XP level 3. HP: 23/29 MP: 3/3
  1394 | D:2      | Reached XP level 4. HP: 27/35 MP: 4/4
  1619 | D:3      | Found a runed translucent door.
  1626 | D:3      | Noticed a phantom
  1647 | D:2      | Killed a phantom
  1648 | D:2      | Reached skill level 3 in Axes
  1648 | D:2      | Gained mutation: You have a small tail. [demonic ancestry]
  1648 | D:2      | Reached XP level 5. HP: 28/42 MP: 5/5
  1844 | D:3      | Noticed Tinttamiau's ghost (amateur KoHs)
  1874 | D:3      | Got Sif Muna's Parchment of Anathema
  2001 | D:3      | Found a basalt altar of Yredelemnul.
  2339 | D:3      | Reached skill level 4 in Axes
  2706 | D:4      | Noticed Grinder
  2706 | D:4      | Paralysed by Grinder for 4 turns
  2712 | D:4      | Paralysed by Grinder for 2 turns
  2725 | D:4      | Paralysed by Grinder for 2 turns
  2728 | D:4      | Killed Grinder
  2729 | D:4      | Reached skill level 1 in Dodging
  2729 | D:4      | Gained mutation: You have a tail ending in a sharp stinger.
                  | [demonic ancestry]
  2729 | D:4      | Reached XP level 6. HP: 8/48 MP: 6/6
  3112 | D:4      | Gained mutation: A weak demonic guardian rushes to your
                  | aid. [demonic ancestry]
  3112 | D:4      | Reached XP level 7. HP: 52/54 MP: 7/7
  3640 | D:5      | Entered Level 5 of the Dungeon
  3770 | D:5      | Found a burning altar of Makhleb.
  3775 | D:5      | Reached skill level 5 in Axes
  4165 | D:5      | Splashed by a jelly's acid

Illustrated notes

Levels and vault maps discovered:
D:1:      amcnicky_arrival_choice, layout_loops_ring,
          shapermc_ecumenical_altar_mp_highgroup, serial_bayou_pond_d
D:2:      layout_loops_ring, minmay_misc_feat_columns
D:3:      layout_basic, nicolae_overflow_hidden_temple, ebering_ghost_sewer_d,
          hex_medium
D:4:      layout_loops_ring, serial_demonic, serial_demonic_a, serial_demonic_e,
          serial_demonic_c, serial_demonic_g, corexii_item_surrounded_by_moat,
          uniq_grinder
D:5:      kennysheep_steamy, layout_loops_ring, zin_academy,
          makhleb_heckhound_becter, temple_hall, ebering_dispersal_statue_hall,
          dk_rats_in_the_wall

Skill      XL: |  1  2  3  4  5  6  7 |
---------------+----------------------+-----
Axes           | 2 3 4 5 |  5.1
Armour         | 3 4 |  4.4
Shields        | 3 |  3.4
Fighting       | 4 |  4.3
Dodging        | 1 |  1.3
Stealth        | |  0.4

Action                     |  1- 3 |  4- 6 |  7- 9 || total
---------------------------+-------+-------+-------++-------
  Melee: War axe           |    95 |   140 |    49 ||   284
         Tailslap          |       |    24 |    14 ||    38
 Armour: Scale mail        |    39 |    86 |    14 ||   139
  Dodge: Dodged            |    58 |    75 |    33 ||   166
  Block: Buckler           |    18 |    37 |    11 ||    66

Table legend: (Time is in decaauts)
 A = Elapsed time spent in this place.
 B = Non-inter-level travel time spent in this place.
 C = Inter-level travel time spent in this place.
 D = Time resting spent in this place.
 E = Time spent auto-exploring this place.
 F = Levels seen in this place.
 G = Mean time per level.
                   A        B        C        D        E       F      G
               +--------+--------+--------+--------+--------+-----+--------+
         Total |   4269 |   4092 |    177 |    393 |   2890 |   5 |  853.8 |
       Dungeon |   4269 |   4092 |    177 |    393 |   2890 |   5 |  853.8 |
               +--------+--------+--------+--------+--------+-----+--------+

Top non-repeatable levels by time:
     D:4: 1122 daAuts
     D:2: 941 daAuts
     D:1: 877 daAuts
     D:3: 795 daAuts
     D:5: 532 daAuts
